 Dungeon Crawl Stone Soup version 0.19.1-1-g22dce08 (webtiles) character file.

8810 Haldmier the Martial Artist (level 11, 0/58 HPs)
             Began as a Vine Stalker Transmuter on Dec 29, 2016.
             Was a Believer of Fedhas.
             Slain by a jumping spider (16 damage)
             ... on level 2 of the Lair of Beasts.
             The game lasted 01:08:32 (11521 turns).

Haldmier the Martial Artist (VSTm)                 Turns: 11521, Time: 01:08:33

Health: 0/58       AC:  2    Str: 13    XL:     11   Next: 36%
Magic:  0/15       EV: 19    Int: 16    God:    Fedhas [**....]
Gold:   337        SH:  0    Dex: 22    Spells: 4 memorised, 3 levels left

rFire  . . .     SeeInvis .       - Unarmed
rCold  . . .     Gourm    .     (armour currently unavailable)
rNeg   . . .     Faith    .     (shield currently unavailable)
rPois  x         Spirit   +     (helmet currently unavailable)
rElec  .         Reflect  .     (cloak currently unavailable)
rCorr  .         Harm     .     (gloves currently unavailable)
MR     +....                    (boots currently unavailable)
Stlth  ++........               (no amulet)
                                (no ring)
                                E - ring of flight

@: about to teleport, spider-form
A: (fangs 0), agile 1, regeneration 1, magic shield, (antimagic bite), no device
heal 3, rot immunity
a: End Transformation, Fungal Bloom, Evolution, Sunlight, Renounce Religion,
Evoke Flight


You were on level 2 of the Lair of Beasts.
You worshipped Fedhas.
Fedhas was pleased with you.
You were hungry.
You were a venomous arachnid creature.
You visited 3 branches of the dungeon, and saw 11 of its levels.

You collected 616 gold pieces.
You spent 279 gold pieces at shops.

Inventory:

Hand Weapons
 g - the cursed +2 trident "Duh Lotz" (melded) {pierce, rPois rC+ Int-4 Dex+4}
   (You found it on level 6 of the Dungeon)

   It inflicts extra damage upon your enemies.
   It affects your intelligence (-4).
   It affects your dexterity (+4).
   It protects you from cold.
   It protects you from poison.
   It has a curse placed upon it.
 l - a +3 dagger of venom
 Y - a +0 fustibalus
Missiles
 a - 65 arrows
 h - 407 stones (quivered)
 y - 11 tomahawks
 J - 2 poisoned tomahawks
 U - 35 sling bullets
Armour
 f - a +1 cloak (melded)
 z - a +0 pair of gloves (melded)
 A - a +1 robe of fire resistance
 D - a cursed +1 pair of boots (melded)
 V - a +2 leather armour of poison resistance (melded)
Magical Staves
 P - an uncursed staff of wizardry {unknown}
Jewellery
 E - a ring of flight (left front leg)
 O - an uncursed ring of fire
Wands
 m - a wand of slowing (19/48)
 o - a wand of lightning (6/15)
 s - a wand of digging (12/24)
 B - a wand of iceblast (12/15)
 F - a wand of iceblast (6/15)
 H - a wand of disintegration (13/24)
 I - a wand of polymorph (14/24)
Scrolls
 i - a scroll of silence
 k - 4 scrolls of identify
 p - 8 scrolls of teleportation
 r - a scroll of fear
 C - a scroll of fog
Potions
 b - 3 potions of cure mutation {unknown}
 e - 3 potions of flight {unknown}
 n - 2 potions of ambrosia
 t - 4 potions of curing
 u - 2 potions of magic
 G - a potion of haste {unknown}
 K - a potion of might
 Q - a potion of heal wounds {unknown}
 R - a potion of cancellation {unknown}
 T - a potion of mutation {unknown}
Comestibles
 d - 10 bread rations
 j - 5 meat rations
 L - 20 fruits
 N - 5 beef jerkies


   Skills:
 + Level 6.5 Fighting
 - Level 1.5 Dodging
 * Level 10.7 Unarmed Combat
 - Level 2.1 Spellcasting
 * Level 9.8 Transmutations
 - Level 2.0 Poison Magic
 + Level 3.9 Invocations
 - Level 5.0 Evocations


You had 3 spell levels left.
You knew the following spells:

 Your Spells              Type           Power        Failure   Level  Hunger
a - Beastly Appendage     Tmut           ####..       3%          1    #......
b - Sticks to Snakes      Tmut           ####....     4%          2    ###....
c - Spider Form           Tmut/Pois      ###.......   17%         3    ###....
d - Blade Hands           Tmut           ####......   28%         5    ######.


Dungeon Overview and Level Annotations

Branches:
Dungeon (8/15)             Temple (1/1) D:4            Lair (2/6) D:8
 Shoals (0/4) Lair:2       Spider (0/4) Lair:2

Altars:
Ashenzari
Cheibriados
Dithmenos
Elyvilon
Fedhas
Gozag
Hepliaklqana
Kikubaaqudgha
Nemelex Xobeh
Okawaru
Qazlal
Ru
Sif Muna
Trog
Uskayaw
Vehumet
Xom
Yredelemnul
Zin
The Shining One

Shops:
D:4 ?

Annotations:
D:6 Apogee's ghost, novice GrFi


Innate Abilities, Weirdness & Mutations

((You have razor-sharp teeth.))
Your natural rate of healing is unusually fast.
When hurt, damage is shared between your health and your magic reserves.
((Your bite disrupts and absorbs the magic of your enemies.))
Potions and wands cannot restore your health.
You are immune to rotting.
You are agile. (Dex +2)


Message History

You no longer feel resistant to poison.
The jumping spider pounces on you! The jumping spider closely misses you.
The jumping spider pounces on you!
The jumping spider completely misses you.
You take 17 damage, and have 23/58 hp.
MASSIVE DAMAGE!!
You now have 3/15 mp.
The jumping spider pounces on you. The jumping spider misses you.
You take 3 damage, and have 20/58 hp.
You now have 2/15 mp.
The jumping spider pounces on you. The jumping spider closely misses you.
You hit the jumping spider but do no damage.
The jumping spider is poisoned.
The jumping spider pounces on you.
* * * LOW HITPOINT WARNING * * *
The jumping spider completely misses you.
You take 5 damage, and have 15/58 hp.
You now have 2/15 mp.
As you read the scroll of teleportation, it crumbles to dust.
You feel strangely unstable.
The jumping spider leaps! x2
You bite the jumping spider!
The jumping spider looks as sick as possible!
The jumping spider is heavily wounded.
The jumping spider pounces on you!!
You die...
Fedhas appreciates your contribution to the ecosystem.

***** *** ####...##
***,** ##.#.....#####
,*,,,****#...?.?......##
*,,,*,,,,..............#
,,*,,*,,,..............##
,,,,,,,,,........?......#
,,,,,,,,,.......s......#*
,,,,,,,,,.......s.....P#
,,,,,,,,,.......ยง<....##
,,,,,,,,,.............#
,,,,,,,,,............##
,,,,,,***#...####...##
,,,,,****....,*,##.##
,,,,,*,*,#..,*,***.P*
,,,,,**,*.#,***,**###
,,,,,***,*,*,*,**


You could see a jumping spider.

Vanquished Creatures
  A manticore (D:8)
  A black mamba (Lair:1)
  A spiny frog (Lair:1)
  7 blink frogs
  2 hippogriffs
  A redback (Lair:1)
  5 yaks
  A basilisk (Lair:1)
  Eustachio (D:6)
  The ghost of flopdemafkees the Poker, an amateur MfSk (D:3)
  Grum (D:8)
  Duvessa (D:6)
  A porcupine (Lair:2)
  2 water moccasins
  An ice beast (D:5)
  2 orc warriors
  2 sky beasts
  3 ogres
  6 wolves
  A phantom (D:5)
  A centaur (D:8)
  2 crocodiles
  A big kobold (D:8)
  Blork the orc (D:6)
  6 bullfrogs
  A water moccasin skeleton (D:6)
  7 scorpions
  Dowan (D:6)
  A wight (D:8)
  2 howler monkeys (D:8)
  A bullfrog zombie (D:5)
  2 crimson imps
  4 bullfrog skeletons
  4 hounds
  A jelly (D:6)
  A centaur skeleton (D:8)
  2 orc priests (D:7)
  Crazy Yiuf (D:2)
  Ijyb (D:1)
  An iguana (D:7)
  6 orc wizards
  5 worker ants
  A hound skeleton (D:8)
  Robin (D:4)
  7 gnolls
  12 adders
  A howler monkey skeleton (D:5)
  A shadow imp (D:8)
  An adder skeleton (D:8)
  A worm (D:3)
  5 dart slugs
  5 leopard geckos
  17 orcs
  11 bats
  4 giant cockroaches
  6 hobgoblins
  13 jackals
  8 quokkas
  3 ball pythons
  6 frilled lizards
  20 goblins
  A jackal skeleton (D:7)
  11 kobolds
  2 leopard gecko skeletons
  A quokka skeleton (D:4)
  7 rats
238 creatures vanquished.

Vanquished Creatures (collateral kills)
  Joseph (D:8)
  A komodo dragon (Lair:1)
  A blink frog (Lair:1)
  A warg (Lair:1)
  6 wolves (Lair:1)
  3 hounds (Lair:1)
13 creatures vanquished.

Vanquished Creatures (others)
  3 wandering mushrooms
  A worker ant zombie (D:7)
  A fungus (D:6)
  97 toadstools
102 creatures vanquished.

Grand Total: 353 creatures vanquished

Notes
Turn   | Place    | Note
-------+----------+-------------------------------------------
     0 | D:1      | Haldmier the Vine Stalker Transmuter began the quest for the Orb.
     0 | D:1      | Reached XP level 1. HP: 9/9 MP: 4/4
   483 | D:1      | Reached XP level 2. HP: 10/14 MP: 4/6
   880 | D:1      | Learned a level 2 spell: Sticks to Snakes
  1161 | D:1      | Reached XP level 3. HP: 17/17 MP: 5/7
  1447 | D:2      | Noticed Ijyb
  1464 | D:1      | Killed Ijyb
  1464 | D:1      | Reached skill level 1 in Fighting
  1464 | D:1      | Reached skill level 4 in Unarmed Combat
  1656 | D:2      | Gained mutation: Your natural rate of healing is unusually fast. [Vine Stalker growth]
  1656 | D:2      | Reached XP level 4. HP: 19/22 MP: 6/8
  1774 | D:2      | Found a runed door.
  1983 | D:2      | Learned a level 3 spell: Spider Form
  2479 | D:2      | Reached skill level 1 in Poison Magic
  2479 | D:2      | Reached XP level 5. HP: 25/26 MP: 7/9
  2557 | D:2      | Noticed Crazy Yiuf
  2564 | D:2      | Killed Crazy Yiuf
  2648 | D:3      | Found an opulent altar of Gozag.
  2671 | D:3      | Noticed flopdemafkees's ghost (amateur MfSk)
  2803 | D:3      | Killed flopdemafkees's ghost
  2803 | D:3      | Reached skill level 5 in Unarmed Combat
  2803 | D:3      | Reached XP level 6. HP: 18/32 MP: 0/10
  3681 | D:4      | Noticed Robin
  3697 | D:4      | Killed Robin
  3849 | D:4      | Reached XP level 7. HP: 35/35 MP: 8/11
  3923 | D:4      | Found a snail-covered altar of Cheibriados.
  3934 | D:4      | Reached skill level 6 in Unarmed Combat
  4290 | D:4      | Found a shimmering altar of Xom.
  4296 | D:4      | Found a shadowy altar of Dithmenos.
  4309 | D:4      | Found a white marble altar of Elyvilon.
  4420 | D:4      | Found a staircase to the Ecumenical Temple.
  4435 | Temple   | Entered the Ecumenical Temple
  4532 | Temple   | Became a worshipper of Fedhas Madash
  4561 | D:4      | Found Elaumy's Magic Scroll Boutique.
  4567 | D:4      | Bought a scroll of teleportation for 39 gold pieces
  4567 | D:4      | Bought a scroll of random uselessness for 13 gold pieces
  4567 | D:4      | Bought a scroll of identify for 26 gold pieces
  4567 | D:4      | Bought a scroll of fog for 26 gold pieces
  4601 | D:4      | Found a sacrificial altar of Ru.
  4660 | D:5      | Entered Level 5 of the Dungeon
  4820 | D:5      | Gained mutation: You have razor-sharp teeth. [Vine Stalker growth]
  4820 | D:5      | Reached XP level 8. HP: 28/42 MP: 5/12
  5008 | D:5      | Reached skill level 5 in Transmutations
  5135 | D:5      | Reached skill level 7 in Unarmed Combat
  5723 | D:6      | Noticed Apogee's ghost (novice GrFi)
  5865 | D:6      | Got a crude trident
  5872 | D:6      | Identified the cursed +2 trident "Duh Lotz" {pierce, rPois rC+ Int-4 Dex+4} (You found it on level 6 of the Dungeon)
  5955 | D:6      | Noticed Blork the orc
  6106 | D:4      | Bought a scroll of silence for 97 gold pieces
  6106 | D:4      | Bought a scroll of identify for 26 gold pieces
  6108 | D:4      | Gained mutation: You are agile. (Dex +2) [potion of beneficial mutation]
  6109 | D:4      | Bought a scroll of identify for 26 gold pieces
  6109 | D:4      | Bought a scroll of identify for 26 gold pieces
  6383 | D:6      | Noticed Dowan
  6384 | D:6      | Noticed Duvessa
  6396 | D:6      | Killed Dowan
  6398 | D:6      | Killed Duvessa
  6548 | D:6      | Noticed Eustachio
  6555 | D:6      | Killed Eustachio
  6555 | D:6      | Reached skill level 1 in Evocations
  6637 | D:6      | Killed Blork the orc
  7219 | D:6      | Reached XP level 9. HP: 46/46 MP: 13/13
  7258 | D:6      | Reached skill level 8 in Unarmed Combat
  7722 | D:7      | Reached skill level 5 in Fighting
  8139 | D:7      | Reached * piety under Fedhas
  8450 | D:8      | Noticed Grum
  8460 | D:8      | Reached skill level 9 in Unarmed Combat
  8680 | D:8      | Reached XP level 10. HP: 41/51 MP: 14/14
  8988 | D:8      | Reached skill level 1 in Invocations
  9101 | D:8      | Noticed Joseph
  9147 | D:8      | Killed Joseph
  9169 | D:8      | Noticed a manticore
  9185 | D:8      | Killed a manticore
  9257 | D:8      | Killed Grum
  9443 | D:8      | Found a staircase to the Lair.
  9747 | D:8      | Learned a level 5 spell: Blade Hands
  9748 | Lair:1   | Entered Level 1 of the Lair of Beasts
 10037 | Lair:1   | Reached skill level 10 in Unarmed Combat
 10216 | Lair:1   | Noticed a black mamba
 10230 | Lair:1   | Killed a black mamba
 10243 | Lair:1   | Identified a scroll of acquirement
 10462 | Lair:1   | Reached XP level 11. HP: 56/56 MP: 15/15
 10476 | Lair:1   | Reached ** piety under Fedhas
 11078 | Lair:2   | Found a frozen archway.
 11128 | Lair:2   | Reached skill level 5 in Evocations
 11404 | Lair:1   | HP: 2/58 [poisoned by a redback]
 11521 | Lair:2   | Slain by a jumping spider

Skill      XL: |  1  2  3  4  5  6  7  8  9 10 11 |
---------------+----------------------------------+-----
Fighting       | 1 2 3 4 5 6 |  6.5
Unarmed Combat | 4 5 6 7 9 10 | 10.7
Transmutations | 3 4 6 7 9 |  9.8
Poison Magic   | 1 2 |  2.0
Evocations     | 1 3 4 5 |  5.0
Invocations    | 3 |  3.9
Dodging        | |  1.5
Spellcasting   | |  2.1

Action                   |  1- 3 |  4- 6 |  7- 9 | 10-12 || total
-------------------------+-------+-------+-------+-------++-------
Melee: Unarmed           |    48 |    27 |    90 |   133 ||   298
       Bite              |    11 |    41 |    79 |    33 ||   164
       Headbutt          |     3 |     5 |    27 |    21 ||    56
       Kick              |     8 |    20 |    18 |       ||    46
       Dagger            |    21 |   185 |    98 |       ||   304
       Punch             |       |     2 |     4 |     6 ||    12
       Trident           |       |       |   133 |    91 ||   224
Throw: Stone             |     7 |       |       |       ||     7
 Cast: Beastly Appendage |    20 |    31 |    40 |    18 ||   109
       Spider Form       |       |     5 |    11 |    20 ||    36
       Sticks to Snakes  |       |       |     3 |     4 ||     7
Invok: Fungal Bloom      |       |       |    17 |    19 ||    36
       Evolution         |       |       |       |     4 ||     4
  Use: Potion            |     2 |       |     1 |       ||     3
       Scroll            |       |       |    18 |     3 ||    21
 Stab: Sleeping          |       |     1 |     1 |     1 ||     3
       Distracted        |       |       |     2 |     1 ||     3
       Held in net/web   |       |       |     1 |       ||     1
       Confused          |       |       |       |     3 ||     3
  Eat: Chunk             |     3 |     8 |    15 |     8 ||    34
       Bread ration      |       |       |     1 |       ||     1
       Pizza             |       |       |     1 |       ||     1
       Beef jerky        |       |       |       |     1 ||     1
Armor: Robe              |    13 |    28 |    61 |    21 ||   123
       Skin              |       |     1 |     4 |     5 ||    10
       Leather armour    |       |       |       |     7 ||     7
Dodge: Dodged            |    35 |   100 |   194 |   171 ||   500
